 Dungeon Crawl Stone Soup version 0.28-a0-1033-g1a2f33fa85 (webtiles) character file.

Game seed: 4500373635725977938

15 dianekeaton the Cudgeller (level 2, -2/39 HPs)
             Began as a Minotaur Berserker on Dec 8, 2021.
             Was a Follower of Trog.
             Succumbed to a kobold's poison
             ... on level 1 of the Dungeon.
             The game lasted 00:01:49 (664 turns).

dianekeaton the Cudgeller (Minotaur Berserker)       Turns: 664, Time: 00:01:49

Health: -2/39      AC:  2    Str: 21    XL:     2   Next: 34%
Magic:  1/1        EV: 12    Int:  4    God:    Trog [*.....]
Gold:   61         SH:  0    Dex:  9    Spells: 1/1 levels left

rFire   . . .      SeeInvis .   a - +0 mace
rCold   . . .      Faith    .   (no shield)
rNeg    . . .      Spirit   .   b - +0 animal skin
rPois   .          Reflect  .   (helmet restricted)
rElec   .          Harm     .   (no cloak)
rCorr   .          Rampage  .   (no gloves)
Will    .....                   (no boots)
Stlth   ..........              (no amulet)
HPRegen 0.13/turn               (no ring)
MPRegen 0.07/turn               (no ring)

@: berserking, lethally poisoned (-2 -> -20), very quick
A: horns 2, retaliatory headbutt
a: Renounce Religion, Berserk


You were on level 1 of the Dungeon.
You worshipped Trog.
Trog was aware of your devotion.
You visited 1 branch of the dungeon, and saw 1 of its levels.

You collected 61 gold pieces.

Inventory:

Hand Weapons
 a - a +0 mace (weapon)
Armour
 b - a +0 animal skin (worn)
Scrolls
 c - a scroll of amnesia {unknown}
Potions
 d - a potion of berserk rage {unknown}


   Skills:
 - Level 3.6 Fighting
 + Level 4.6 Maces & Flails
 - Level 2.4 Armour
 - Level 2.1 Dodging


You had one spell level left.
You didn't know any spells.
Your spell library was empty.

Dungeon Overview and Level Annotations

Branches:
Dungeon (1/15)

Altars:


Innate Abilities, Weirdness & Mutations

You have a pair of horns on your head.
You reflexively headbutt those who attack you in melee.


Message History

A hobgoblin comes into view.
A bat comes into view.
Found a buckler.
The bat barely misses you. The bat closely misses you.
The kobold hits you with a +2 dagger of venom.
You are poisoned.
A hobgoblin comes into view.
You closely miss the kobold.
You feel sick.
The hobgoblin shouts!
The bat barely misses you.
The kobold hits you with a +2 dagger of venom.
You are lethally poisoned!
The kobold hits you with a +2 dagger of venom.
You are too injured to fight recklessly!
You hit the hobgoblin. You headbutt the hobgoblin.
The hobgoblin is almost dead.
You feel very sick. The bat hits you but does no damage.
The hobgoblin closely misses you. The kobold closely misses you.
A red film seems to cover your vision as you go berserk!
You feel yourself moving faster!
You feel mighty!
You feel sick. The bat hits you but does no damage. The bat misses you.
The hobgoblin hits you.
* * * LOW HITPOINT WARNING * * *
The kobold misses you.
You barely miss the hobgoblin.
The hobgoblin is almost dead.
* * * LOW HITPOINT WARNING * * *
You feel sick. The bat misses you.
The hobgoblin hits you but does no damage.
You sock the hobgoblin!
You kill the hobgoblin!
Trog accepts your kill.
* * * LOW HITPOINT WARNING * * *
You feel sick. The bat hits you but does no damage.
The kobold hits you with a +2 dagger of venom.
* * * LOW HITPOINT WARNING * * *
You are more poisoned.
You closely miss the bat.
You die...

.....##.#
........... ..
........#.# ##.
......#.# ..
.....#.# .# #
#g..#.###.# .# ≈≈
#####.K.#.#...#..#
≈≈
......†@b.#...#..#
≈≈
.................#
.........##......#
.#....#.###......#
#
#....#........#.#
# #....#####....#
# #
#..[.#####.)..# #
#.............# ≈
#.. .#####...## ≈§


You could see a hobgoblin, a bat and a kobold.

Vanquished Creatures
  2 ball pythons (D:1)
  2 endoplasms (D:1)
  A hobgoblin (D:1)
  2 bats (D:1)
  A goblin (D:1)
  3 kobolds (D:1)
  4 rats (D:1)
15 creatures vanquished.

Notes
Turn   | Place    | Note
-------+----------+-------------------------------------------
     0 | D:1      | dianekeaton the Minotaur Berserker began the quest for the
                  | Orb.
     0 | D:1      | Reached XP level 1. HP: 19/19 MP: 0/0
   229 | D:1      | Reached skill level 4 in Maces & Flails
   339 | D:1      | Reached XP level 2. HP: 19/26 MP: 1/1
   663 | D:1      | HP: 1/39 [kobold (5)]
   664 | D:1      | Succumbed to a kobold's poison

Illustrated notes

Levels and vault maps discovered:
D:1:      lightli_molten_gateway, layout_basic, shapermc_ecumenical_altar_ellora

Skill      XL: |  1 |
---------------+----+-----
Maces & Flails | 4 |  4.6
Fighting       | |  3.6
Armour         | |  2.4
Dodging        | |  2.1

Action                   || total
-------------------------++-------
Melee: Mace              ||    29
       Headbutt          ||     2
Invok: Berserk           ||     1
Armor: Animal skin       ||    12
Dodge: Dodged            ||    35

Table legend: (Time is in decaauts)
 A = Elapsed time spent in this place.
 B = Non-inter-level travel time spent in this place.
 C = Inter-level travel time spent in this place.
 D = Time resting spent in this place.
 E = Time spent auto-exploring this place.
 F = Levels seen in this place.
 G = Mean time per level.
                   A        B        C        D        E       F      G
               +--------+--------+--------+--------+--------+-----+--------+
         Total |    668 |    668 |      0 |    213 |    269 |   1 |  668.0 |
       Dungeon |    668 |    668 |      0 |    213 |    269 |   1 |  668.0 |
               +--------+--------+--------+--------+--------+-----+--------+

Top non-repeatable levels by time:
     D:1: 668 daAuts
